 Dungeon Crawl Stone Soup version 0.31-a0-198-g2ad674f65e (webtiles) character file.

Game seed: 6286339526727400685

680 Conn the Firebug (level 7, -4/42 HPs)
             Began as an Octopode Fire Elementalist on June 25, 2023.
             Was an Initiate of Sif Muna.
             Engulfed by a steam dragon's steam (9 damage)
             ... on level 4 of the Dungeon.
             The game lasted 00:14:24 (4531 turns).

Conn the Firebug (Octopode Fire Elementalist)       Turns: 4531, Time: 00:14:24

Health: -4/42      AC:  1    Str:  7    XL:     7   Next: 60%
Magic:  13/13      EV: 13    Int: 20    God:    Sif Muna [......]
Gold:   237        SH:  0    Dex: 12    Spells: 1/14 levels left

rFire   . . .        o - +0 flail (protect)
rCold   . . .        (no shield)
rNeg    + . .        (helmet restricted)
rPois   .            (no amulet)
rElec   .            d - ring of positive energy
rCorr   .            (no ring)
SInv    .            (no ring)
Will    .....        (no ring)
Stlth   +++          (no ring)
HPRegen 0.27/turn    (no ring)
MPRegen 0.13/turn    (no ring)
                     (no ring)

%: no passive effects
@: no status effects
A: almost no armour, amphibious, 8 rings, camouflage 1, gelatinous body 1,
(nimble swimmer 1), tentacles
a: Renounce Religion


You were on level 4 of the Dungeon.
You worshipped Sif Muna.
Sif Muna was noncommittal.
You visited 2 branches of the dungeon, and saw 7 of its levels.

You collected 237 gold pieces.

Inventory:

Hand Weapons
 o - a +0 flail of protection (weapon)
Missiles
 b - 2 throwing nets
 h - 16 poisoned darts (quivered)
Jewellery
 d - a ring of positive energy (left tentacle)
Scrolls
 c - 3 scrolls of identify
 g - a scroll of revelation
 n - 2 scrolls of teleportation
 p - a scroll of butterflies
 q - 2 scrolls of immolation
 r - a scroll of enchant weapon
Potions
 a - a potion of magic
 f - a potion of berserk rage
 l - a potion of attraction


   Skills:
 + Level 0.7 Fighting
 + Level 2.2 Maces & Flails
 + Level 3.1 Dodging
 + Level 3.7 Stealth
 * Level 4.2 Spellcasting
 + Level 3.4 Conjurations
 * Level 0.2 Summonings
 + Level 5.1 Fire Magic


You had one spell level left.
You knew the following spells:

 Your Spells              Type           Power      Damage    Failure   Level
a - Foxfire               Conj/Fire      84%        2x1d8     2%          1
b - Scorch                Fire           48%        2d7       2%          2
c - Inner Flame           Hex/Fire       14%        N/A       13%         3
d - Flame Wave            Conj/Fire      21%        2d8       22%         4
e - Call Canine Familiar  Summ           5%         N/A       34%         3

Your spell library contained the following spells:

 Spells                   Type           Power      Damage    Failure   Level
 Volatile Blastmotes      Fire/Tloc      28%        2d12      13%         3
 Ensorcelled Hibernation  Hex/Ice        8%         N/A       19%         2
 Passwall                 Tmut/Erth      3%         N/A       19%         2
 Dazzling Flash           Conj/Hex       22%        N/A       19%         3
 Frozen Ramparts          Ice            8%         1d2       36%         3
 Gell's Gravitas          Tloc           4%         N/A       36%         3
 Portal Projectile        Hex/Tloc       8%         N/A       36%         3
 Swiftness                Air            4%         N/A       36%         3
 Teleport Other           Tloc           4%         N/A       36%         3
 Summon Ice Beast         Ice/Summ       4%         N/A       75%         4
 Ice Form                 Ice/Tmut       4%         N/A       77%         4
 Leda's Liquefaction      Hex/Erth       2%         N/A       77%         4
 Agony                    Necr           4%         N/A       98%         5
 Silence                  Hex/Air        2%         N/A       98%         5
 Dispersal                Tloc           2%         N/A       100%        6


Dungeon Overview and Level Annotations

Branches:
Dungeon (6/15)             Temple (1/1) D:4

Altars:
Ashenzari
Cheibriados
Dithmenos
Qazlal
Sif Muna
The Shining One

Shops:
D:4 [

Annotations:
D:4 Dowan, Duvessa


Innate Abilities, Weirdness & Mutations

You cannot wear most types of armour.
You are amphibious.
You can wear up to eight rings at the same time.
Your skin changes colour to match your surroundings (Stealth+).
Your rubbery body absorbs attacks. (AC +1, EV +1)
((You are camouflaged when in or above water. (Stealth+)))
You have tentacles for arms and can constrict up to eight enemies at once.


Message History

The ufetubus misses you. The ufetubus completely misses you.
The ufetubus hits you but does no damage.
The ufetubus hits you.
You completely miss the ufetubus. Your grab misses the ufetubus.
Your squeeze misses the ufetubus. The ufetubus hits you. x2
The steam dragon bites you. The steam dragon claws you.
An acid dragon comes into view.
The ufetubus closely misses you. The ufetubus hits you.
You hit the ufetubus but do no damage.
Your weapon exudes an aura of protection.
Your grab misses the ufetubus. The steam dragon closely misses you.
The steam dragon claws you but does no damage.
The ufetubus barely misses you. The ufetubus hits you.
The steam dragon misses you. x2
Unknown command.
The ufetubus attacks as you move away! The ufetubus barely misses you.
The ufetubus hits you.
The steam dragon attacks as you move away!
The steam dragon bites you but does no damage.
The steam dragon barely misses you. The ufetubus barely misses you.
The ufetubus hits you but does no damage.
You see here a wand of paralysis (5).
The ufetubus attacks as you move away! The ufetubus hits you. x2
Unknown command.
The ufetubus hits you but does no damage.
The ufetubus barely misses you. The ufetubus attacks as you move away!
The ufetubus hits you. The ufetubus misses you. The ufetubus barely misses you.
The ufetubus misses you. The steam dragon breathes steam at you.
The ball of steam hits the ufetubus!
The ufetubus dies!
The ball of steam hits you!
* * * LOW HITPOINT WARNING * * *
There is an escape hatch in the ceiling here.
Okay, then.
Okay, then.
Okay, then.
You are engulfed in a cloud of scalding steam.
You die...

....#...## #.# #.....#
#...... #'###...#
#####.####....# #.####.
#.......# #.............# ###
#. ..###...# #...)......##...
## ###
#######.........<############
#....§§.................
#....§.§............##..
#....§§§§...............
#.....§@§.##.##.##.##.#.
#......§§######## ####
#..#...§##/#..# #. #
#####DD#.D# ## #...)##..#D.#
#. #....##..###############
#.# ##..##.##.##.##.#.
##...............
####.##.........


There were no monsters in sight!

Vanquished Creatures
  An ice beast (D:5)
  A centaur (D:6)
  2 scorpions
  2 orc priests (D:3)
  A sleepcap (D:2)
  3 iguanas
  An adder (D:3)
  12 gnolls
  A white imp (D:5)
  2 ufetubi
  2 worms
  4 dart slugs
  8 orcs
  7 endoplasms
  2 giant cockroaches
  2 goblins (D:3)
  5 hobgoblins
  6 jackals (D:2)
  4 kobolds
  2 quokkas
  3 ball pythons
  5 bats
  3 frilled lizards
  6 rats
85 creatures vanquished.

Vanquished Creatures (others)
  An ufetubus (D:4)
  256 foxfires
257 creatures vanquished.

Grand Total: 342 creatures vanquished

Notes
Turn   | Place    | Note
-------+----------+-------------------------------------------
     0 | D:1      | Conn the Octopode Fire Elementalist began the quest for the
                  | Orb.
     0 | D:1      | Reached XP level 1. HP: 11/11 MP: 3/3
   373 | D:1      | Reached XP level 2. HP: 17/17 MP: 0/5
   809 | D:1      | Learned a level 2 spell: Scorch
  1014 | D:2      | Reached XP level 3. HP: 21/21 MP: 1/6
  1277 | D:2      | Reached XP level 4. HP: 27/27 MP: 0/7
  1624 | D:2      | Reached skill level 4 in Fire Magic
  2107 | D:2      | Learned a level 3 spell: Inner Flame
  2295 | D:3      | Reached XP level 5. HP: 28/31 MP: 6/9
  2904 | D:3      | Found a snail-covered altar of Cheibriados.
  2922 | D:3      | Reached XP level 6. HP: 20/36 MP: 10/10
  3481 | D:4      | Noticed Dowan
  3482 | D:4      | Noticed Duvessa
  3606 | D:4      | You fall into a shaft and drop 2 floors!
  3637 | D:6      | Reached skill level 1 in Maces & Flails
  3637 | D:6      | Reached XP level 7. HP: 39/41 MP: 2/12
  3770 | D:5      | Entered Level 5 of the Dungeon
  3778 | D:5      | Reached skill level 5 in Fire Magic
  3853 | D:6      | Learned a level 4 spell: Flame Wave
  3857 | D:6      | Learned a level 3 spell: Call Canine Familiar
  4047 | D:4      | Found a shadowy altar of Dithmenos.
  4197 | D:4      | Found a stormy altar of Qazlal.
  4299 | D:4      | Found a staircase to the Ecumenical Temple.
  4308 | Temple   | Entered the Ecumenical Temple
  4313 | Temple   | Became a worshipper of Sif Muna the Loreminder
  4417 | D:4      | Found Papny's Armour Shop.
  4522 | D:4      | Noticed a steam dragon
  4531 | D:4      | Engulfed by a steam dragon's steam

Illustrated notes

Levels and vault maps discovered:
D:1:      lemuel_arrival_cross, layout_rooms
D:2:      layout_loops_ring
D:3:      layout_rooms, mainiacjoe_overflow_paths, st_stairs_11,
          lemuel_flame_loot_1
D:4:      layout_rooms, mainiacjoe_overflow_alcove_2, lightli_temple_of_fire,
          mainiacjoe_overflow_24_doors, minmay_temple_entry_mini_moons,
          serial_shops, kennysheep_mini_moat, chequers_serial_rivers_micro_d,
          corner_web_ring, minmay_manual_macuahuitl, uniq_duvessa
D:5:      kennysheep_spiral_hall, layout_cave_pools, grunt_ministairs_6,
          hangedman_decor_opposing, uniq_menkaure
D:6:      layout_gridville, grunt_temple_overflow_growth_and_decay,
          chequers_arboretum, lightli_orcish_oven
Temple:   hellmonk_temple_of_storms

Skill      XL: |  1  2  3  4  5  6  7 |
---------------+----------------------+-----
Stealth        | 3 |  3.7
Fire Magic     | 4 5 |  5.1
Conjurations   | 2 3 |  3.4
Spellcasting   | 3 4 |  4.2
Maces & Flails | 1 2 |  2.2
Dodging        | 3 |  3.1
Fighting       | |  0.7
Summonings     | |  0.2

Action                     |  1- 3 |  4- 6 |  7- 9 || total
---------------------------+-------+-------+-------++-------
  Melee: Unarmed           |    16 |     9 |       ||    25
         Constrict         |     4 |     9 |     2 ||    15
         Tentacles         |     4 |     7 |     2 ||    13
         Punch             |     1 |       |       ||     1
         Flail             |       |    25 |    10 ||    35
  Throw: Dart              |       |     1 |       ||     1
   Cast: Foxfire           |    51 |    71 |    28 ||   150
         Scorch            |     1 |    14 |     7 ||    22
         Inner Flame       |       |     1 |       ||     1
         Flame Wave        |       |       |     1 ||     1
    Use: Scroll            |       |     9 |       ||     9
         Potion            |       |     6 |       ||     6
   Stab: Sleeping          |       |     2 |     2 ||     4
 Armour: Skin              |     3 |    17 |     6 ||    26
  Dodge: Dodged            |    24 |    45 |    22 ||    91

Table legend: (Time is in decaauts)
 A = Elapsed time spent in this place.
 B = Non-inter-level travel time spent in this place.
 C = Inter-level travel time spent in this place.
 D = Time resting spent in this place.
 E = Time spent auto-exploring this place.
 F = Levels seen in this place.
 G = Mean time per level.
                   A        B        C        D        E       F      G
               +--------+--------+--------+--------+--------+-----+--------+
         Total |   4545 |   4469 |     76 |    374 |   2936 |   7 |  649.3 |
       Dungeon |   4534 |   4458 |     76 |    374 |   2936 |   6 |  755.7 |
        Temple |     10 |     10 |      0 |      0 |      0 |   1 |   10.0 |
               +--------+--------+--------+--------+--------+-----+--------+

Top non-repeatable levels by time:
     D:2: 1509 daAuts
     D:3: 1348 daAuts
     D:1: 687 daAuts
     D:4: 593 daAuts
     D:6: 324 daAuts
     D:5: 71 daAuts
  Temple: 10 daAuts
